 Dungeon Crawl Stone Soup version 0.31-a0-986-g5e6e4ef867 (webtiles) character file.

Game seed: 6428460601502481649

4144 domi the Mimic (level 10, -7/80 HPs)
             Began as a Purple Draconian Shapeshifter on Nov 14, 2023.
             Was a Believer of the Shining One.
             Mangled by a ynoxinul (8 damage)
             ... summoned by a kobold demonologist
             ... on level 9 of the Dungeon.
             The game lasted 00:17:17 (8236 turns).

domi the Mimic (Purple Draconian Shapeshifter)      Turns: 8236, Time: 00:17:18

Health: -7/80      AC:  7    Str: 20    XL:     10   Next: 7%
Magic:  15/15      EV: 12    Int: 11    God:    the Shining One [**....]
Gold:   402        SH:  0    Dex: 11    Spells: 9/9 levels left

rFire   . .          .
                       - Unarmed
rCold   . . .        (no shield)
rNeg    + . .        (body armour unavailable)
rPois   .            (helmet currently unavailable)
rElec   .            (cloak currently unavailable)
rCorr   +            (gloves currently unavailable)
SInv    .            (boots currently unavailable)
Will    +....        i - amulet of regeneration {+regen, !d}
Stlth   +            d - ring of resist corrosion
HPRegen 1.13/turn    (no ring)
MPRegen 0.14/turn

%: no passive effects
@: lethally poisoned (-7 -> -20), beast-form, on berserk cooldown, glowing
A: beast (slay +4), breathe power, AC +7, unfitting armour, cold-blooded
a: Breathe Dispelling Energy, Begin Untransformation, Renounce Religion, Divine
Shield


You were on level 9 of the Dungeon.
You worshipped the Shining One.
The Shining One was pleased with you.
You were a hulking beast.
You visited 1 branch of the dungeon, and saw 9 of its levels.

You collected 402 gold pieces.

Inventory:

Missiles
 g - a curare-tipped dart (quivered) {=f}
Magical Staves
 p - a staff of conjuration {!a}
   (You found it on level 7 of the Dungeon)
Jewellery
 d - a ring of resist corrosion (left hand)
   (You found it on level 1 of the Dungeon)
 i - an amulet of regeneration (around neck) {+regen, !d}
   (You found it on level 6 of the Dungeon)
 l - an amulet of magic regeneration
   (You found it on level 7 of the Dungeon)
Talismans
 b - a beast talisman (active)
 c - a flux talisman
Wands
 f - a wand of flame (5)
   (You found it on level 4 of the Dungeon)
Scrolls
 a - a scroll of enchant weapon
 h - a scroll of enchant armour
 j - 2 scrolls of fear
 n - a scroll of identify {@r1}
 s - a scroll of teleportation {@r4}
Potions
 e - 2 potions of enlightenment
 m - a potion of brilliance


   Skills:
 + Level 4.4 Fighting
 - Level 1.7 Dodging
 + Level 8.5 Unarmed Combat
 + Level 7.1 Invocations
 - Level 9.3 Shapeshifting


You had 9 spell levels left.
You didn't know any spells.
Your spell library contained the following spells:

 Spells                   Type           Power      Damage    Failure   Level
 Summon Small Mammal      Summ           0%         N/A       34%         1
 Ensorcelled Hibernation  Hex/Ice        0%         N/A       47%         2
 Passwall                 Tmut/Erth      0%         N/A       47%         2
 Poisonous Vapours        Pois/Air       0%         N/A       47%         2
 Call Canine Familiar     Summ           0%         N/A       71%         3
 Mephitic Cloud           Conj/Pois/Air  0%         N/A       71%         3
 Summon Guardian Golem    Hex/Summ       0%         N/A       71%         3
 Swiftness                Air            0%         N/A       71%         3
 Freezing Cloud           Conj/Ice/Air   0%         6-21      100%        5


Dungeon Overview and Level Annotations

Branches:
Dungeon (9/15)             Temple (0/1) D:6
   Lair: D:8-11         Orc: D:9-12

Altars:
Elyvilon
The Shining One

Shops:
D:4 (=:   D:6 =

Annotations:
D:6 1 runed translucent door


Innate Abilities, Weirdness & Mutations

You are a hulking beast.
Your limbs bulge with bestial killing power. (Slay +4)
You can breathe bolts of dispelling energy.
Your rich purple scales are hard. (AC +7)
You cannot fit into any form of body armour.
You are cold-blooded and may be slowed by cold attacks.


Message History

Your transformation is almost over.
A kobold demonologist comes into view. It is wielding a +0 dagger.
A kobold demonologist is nearby!
Unknown command.
Press: ? - help, Shift-Dir - straight line, f - kobold demonologist
Aim: a kobold demonologist, wielding a +0 dagger and wearing a +0 robe (wandering, hasn't noticed you, 56% to hit)
The puff of flame hits the kobold demonologist.
The kobold demonologist gestures wildly while chanting.
Okay, then.
You smack the crimson imp!
The crimson imp hits you but does no damage.
The kobold demonologist mumbles some strange words.
You hit the crimson imp. The crimson imp completely misses you.
You closely miss the crimson imp.
The crimson imp hits you but does no damage.
The kobold demonologist mumbles some strange words.
You pummel the crimson imp!!
You kill the crimson imp!
The crimson imp disappears in a puff of smoke!
You barely miss the kobold demonologist.
The kobold demonologist hits you but does no damage.
The crimson imp blinks!
The kobold demonologist hits you with a +0 dagger.
You barely miss the kobold demonologist.
You feel less wooden.
You turn into a hulking beast.
The kobold demonologist barely misses you.
You hit the kobold demonologist.
Your punch misses the kobold demonologist.
The kobold demonologist hits you with a +0 dagger.
You barely miss the kobold demonologist.
The kobold demonologist begins to cast a cantrip, but forgets the words!
The kobold demonologist barely misses you.
You closely miss the kobold demonologist.
You hit the soul eater. The soul eater misses you.
You hit the soul eater but do no damage.
The soul eater draws from the surrounding life force!
The soul eater is healed.
You hit the soul eater.
Your tail-slap misses the soul eater.
A kobold demonologist comes into view. It is wielding a +0 dagger.
The kobold demonologist mumbles some strange words.
The soul eater completely misses you.
The crimson imp blinks!
The crimson imp shouts, "Scamper hence, thou peaked saucy bloater!"
The kobold demonologist shouts!
You hear a shout! x2
You barely miss the soul eater.
You hear a shout!
The soul eater disappears in a puff of smoke!
The kobold demonologist begins to cast a cantrip, but forgets the words!
Press: ? - help, Shift-Dir - straight line, f/p - kobold demonologist
Aim: a kobold demonologist, wielding a +0 dagger and wearing a +0 robe (moderately wounded, haloed, 71% to hit)
The puff of flame hits the kobold demonologist.
The kobold demonologist casts a spell.
The crimson imp shouts, "Get thee hence, thou pandering hasty-witted simpleton!"
You hear a shout!
The kobold demonologist barely misses you.
The kobold demonologist casts a spell.
The kobold demonologist misses you.
You hit the kobold demonologist.
Your tail-slap misses the kobold demonologist.
The kobold demonologist hits you but does no damage.
You barely miss the kobold demonologist.
The kobold demonologist casts a cantrip, but nothing happens.
The kobold demonologist casts a spell.
The orange demon stings you but does no damage.
You closely miss the kobold demonologist.
Your tail-slap misses the kobold demonologist.
The kobold demonologist barely misses you.
The ynoxinul barely misses you. The orange demon stings you from afar!
The kobold demonologist looks satisfied for a moment.
You hit the kobold demonologist. You punch the kobold demonologist!
The orange demon stings you from afar.
You are poisoned.
The orange demon poisons you! The ynoxinul hits you.
The kobold demonologist hits you but does no damage.
You hit the kobold demonologist. You punch the kobold demonologist.
You feel extremely sick.
The crimson imp disappears in a puff of smoke!
The orange demon stings you from afar!
* * * LOW HITPOINT WARNING * * *
You are lethally poisoned!
The orange demon poisons you! The ynoxinul barely misses you.
The kobold demonologist misses you.
You closely miss the kobold demonologist.
You punch the kobold demonologist.
* * * LOW HITPOINT WARNING * * *
You feel extremely sick. The orange demon barely misses you.
The ynoxinul gestures.
The kobold demonologist mumbles some strange words.
The kobold demonologist looks encouraged for a moment.
You barely miss the kobold demonologist.
You feel yourself speed up.
* * * LOW HITPOINT WARNING * * *
You feel extremely sick. The orange demon stings you from afar.
* * * LOW HITPOINT WARNING * * *
The ynoxinul hits you but does no damage.
The kobold demonologist hits you but does no damage.
The crimson imp blinks!
The ynoxinul hits you!
You die...

..###..#####.#......[...[#
.......# #......########
######## #.#.#### #.###
#.# #.# #.# ##.########
#..553hK4K######
#######..#####45......
............##4.######
.######...#.##..#
#........T.. ##...####..##
#..## #..# #..# #..# #...
.h..


You could see an orange demon (summoned), a rust devil (summoned), 2 kobold
demonologists, a ynoxinul (summoned), a white imp (summoned) and 2 ufetubi.

Vanquished Creatures
  2 trolls (D:9)
  A wyvern (D:9)
  5 yaks (D:8)
  A steam dragon (D:8)
  Grum (D:9)
  A water moccasin (D:8)
  Duvessa (D:7)
  An ice beast (D:8)
  Pargi (D:3)
  2 ogres (D:5)
  2 wolves (D:9)
  A centaur (D:6)
  A phantom (D:7)
  A kobold brigand (D:6)
  5 bullfrogs
  2 gnoll sergeants (D:6)
  Dowan (D:7)
  4 killer bees (D:8)
  A howler monkey (D:7)
  2 jellies
  A hound (D:7)
  3 orc priests
  A sleepcap (D:5)
  3 iguanas
  Natasha (twice) (D:2)
  8 orc wizards
  16 gnolls
  7 adders
  A shadow imp (D:5)
  2 white imps
  3 worms
  4 dart slugs
  34 orcs
  16 bats
  6 endoplasms
  A giant cockroach (D:4)
  7 hobgoblins
  3 jackals (D:3)
  14 kobolds
  3 quokkas
  5 ball pythons
  5 frilled lizards
  6 goblins
  A jackal zombie (D:6)
  9 rats
197 creatures vanquished.

Notes
Turn   | Place    | Note
-------+----------+-------------------------------------------
     0 | D:1      | domi the Draconian Shapeshifter began the quest for the
                  | Orb.
     0 | D:1      | Reached XP level 1. HP: 16/16 MP: 1/1
   131 | D:1      | Reached XP level 2. HP: 19/23 MP: 2/2
   169 | D:1      | Found a faded altar of an unknown god.
   843 | D:2      | Reached XP level 3. HP: 23/28 MP: 3/3
  1033 | D:2      | Noticed Natasha
  1039 | D:2      | Killed Natasha
  1040 | D:2      | Reached skill level 4 in Shapeshifting
  1042 | D:2      | Reached XP level 4. HP: 24/35 MP: 4/4
  1213 | D:2      | Noticed Natasha
  1226 | D:2      | Killed Natasha
  1343 | D:2      | Reached skill level 4 in Unarmed Combat
  1812 | D:3      | Noticed Pargi
  1834 | D:3      | Killed Pargi
  1835 | D:3      | Reached skill level 5 in Shapeshifting
  1835 | D:3      | Reached XP level 5. HP: 22/40 MP: 5/5
  2594 | D:3      | Found a glowing golden altar of the Shining One.
  2602 | D:3      | Became a worshipper of the Shining One
  2658 | D:4      | Reached XP level 6. HP: 44/47 MP: 6/6
  2699 | D:4      | Found Bicesk's Book Boutique.
  3290 | D:4      | Found Atucyawn's Jewellery Shop.
  3383 | D:4      | Found Yhukuepp's Antique Weapon Shoppe.
  3761 | D:4      | Reached skill level 5 in Unarmed Combat
  3766 | D:4      | Reached skill level 6 in Shapeshifting
  3940 | D:5      | Entered Level 5 of the Dungeon
  4043 | D:5      | Your scales start taking on a rich purple colour.
  4043 | D:5      | Reached XP level 7. HP: 48/52 MP: 7/7
  4181 | D:5      | Reached skill level 1 in Invocations
  4241 | D:5      | Reached * piety under the Shining One
  4783 | D:6      | Reached skill level 2 in Invocations
  4820 | D:6      | Found a staircase to the Ecumenical Temple.
  4874 | D:6      | HP: 8/52 [orc priest/divine providence (12)]
  4882 | D:6      | Reached skill level 7 in Shapeshifting
  4894 | D:6      | HP: 13/52 [orc/+0 short sword (5)]
  5109 | D:6      | Reached XP level 8. HP: 59/59 MP: 8/10
  5570 | D:6      | Found a runed translucent door.
  5704 | D:6      | Reached skill level 6 in Unarmed Combat
  5740 | D:6      | Found Jeysetur's Jewellery Shoppe.
  5747 | D:6      | Reached skill level 3 in Invocations
  5911 | D:6      | HP: 12/59 [gnoll sergeant/+2 vampiric spear (10)]
  6370 | D:7      | Found a white marble altar of Elyvilon.
  6475 | D:7      | Reached skill level 8 in Shapeshifting
  6488 | D:7      | Reached ** piety under the Shining One
  6489 | D:7      | Reached skill level 4 in Invocations
  6668 | D:7      | Noticed Dowan
  6668 | D:7      | Noticed Duvessa
  6693 | D:7      | Killed Duvessa
  6700 | D:7      | Killed Dowan
  7196 | D:8      | Reached skill level 7 in Unarmed Combat
  7196 | D:8      | Reached XP level 9. HP: 53/64 MP: 12/12
  7200 | D:8      | Reached skill level 5 in Invocations
  7205 | D:8      | Reached skill level 9 in Shapeshifting
  7322 | D:8      | Reached skill level 2 in Fighting
  7460 | D:8      | Reached skill level 6 in Invocations
  7931 | D:9      | Reached skill level 3 in Fighting
  7993 | D:9      | Noticed a troll
  7996 | D:9      | Reached skill level 8 in Unarmed Combat
  8002 | D:9      | Killed a troll
  8182 | D:9      | Noticed Grum
  8193 | D:9      | Reached skill level 4 in Fighting
  8193 | D:9      | Noticed a troll
  8195 | D:9      | HP: 10/71 [wolf[Grum] (9)]
  8200 | D:9      | HP: 35/159 [Grum/+0 spear (4)]
  8207 | D:9      | Killed Grum
  8208 | D:9      | Reached skill level 7 in Invocations
  8208 | D:9      | Reached XP level 10. HP: 33/79 MP: 15/15
  8216 | D:9      | Noticed a soul eater
  8229 | D:9      | Noticed an orange demon
  8230 | D:9      | Noticed a rust devil
  8234 | D:9      | HP: 17/80 [orange demon[a kobold demonologist] (8)]
  8236 | D:9      | HP: 2/80 [poisoned by an orange demon]
  8236 | D:9      | Mangled by a ynoxinul

Illustrated notes

Levels and vault maps discovered:
D:1:      wander_arrival_lonely_grave, layout_basic,
          hellmonk_ecumenical_altar_blasted, minmay_misc_feat_rugged
D:2:      layout_loops_ring, serial_forest, infiniplex_forest_clump_double,
          infiniplex_forest_corner_1, infiniplex_forest_clump_medium,
          infiniplex_forest_lined_1, infiniplex_forest_zigzag_1, uniq_natasha
D:3:      minmay_diamond_boxcup, layout_basic, tso_altar, uniq_pargi
D:4:      layout_basic, serial_shops, shop, nicolae_shop_crystal,
          kennysheep_mini_moat, roderic_batcave
D:5:      layout_gridville, bh_walls_and_bars
D:6:      layout_basic, dk_yredelemnul_ordeal, minmay_temple_entry_slanted,
          serial_shops, nicolae_shop_advertising_works
          [nicolae_subvault_shop_adworks]
D:7:      layout_basic, nicolae_overflow_crystal_walls, uniq_duvessa
D:8:      layout_basic
D:9:      layout_loops_corners, mainiacjoe_overflow_six_doors_small,
          serial_shops, shop, statue_in_the_mist_lemuel, uniq_grum

Skill      XL: |  1  2  3  4  5  6  7  8  9 |
---------------+----------------------------+-----
Shapeshifting  | 4 5 6 7 8 9 |  9.3
Unarmed Combat | 4 5 7 8 |  8.5
Invocations    | 2 4 7 |  7.1
Fighting       | 4 |  4.4
Dodging        | |  1.7

Action                     |  1- 3 |  4- 6 |  7- 9 | 10-12 || total
---------------------------+-------+-------+-------+-------++-------
  Melee: Unarmed           |    79 |   213 |   266 |    23 ||   581
         Tailslap          |    10 |    24 |    37 |       ||    71
         Punch             |       |     6 |    12 |     3 ||    21
  Evoke: Wand              |       |       |    31 |     2 ||    33
    Use: Potion            |       |     2 |     7 |       ||     9
         Scroll            |       |     6 |     7 |       ||    13
   Stab: Sleeping          |     1 |     3 |       |       ||     4
 Armour: Skin              |    45 |   152 |   210 |    22 ||   429
  Dodge: Dodged            |    41 |   112 |   144 |    13 ||   310
   Form: Beast             |     1 |       |     1 |       ||     2
         Flux              |     1 |       |       |       ||     1
                           |       |       |     1 |       ||     1

Table legend: (Time is in decaauts)
 A = Elapsed time spent in this place.
 B = Non-inter-level travel time spent in this place.
 C = Inter-level travel time spent in this place.
 D = Time resting spent in this place.
 E = Time spent auto-exploring this place.
 F = Levels seen in this place.
 G = Mean time per level.
                   A        B        C        D        E       F      G
               +--------+--------+--------+--------+--------+-----+--------+
         Total |   8169 |   7823 |    346 |   1439 |   5188 |   9 |  907.7 |
       Dungeon |   8169 |   7823 |    346 |   1439 |   5188 |   9 |  907.7 |
               +--------+--------+--------+--------+--------+-----+--------+

Top non-repeatable levels by time:
     D:6: 1363 daAuts
     D:3: 1262 daAuts
     D:4: 1182 daAuts
     D:8: 894 daAuts
     D:5: 833 daAuts
     D:1: 830 daAuts
     D:2: 767 daAuts
     D:7: 719 daAuts
     D:9: 316 daAuts

Levels and vault maps discovered:
D:1:      wander_arrival_lonely_grave, layout_basic,
          hellmonk_ecumenical_altar_blasted, minmay_misc_feat_rugged
D:2:      layout_loops_ring, serial_forest, infiniplex_forest_clump_double,
          infiniplex_forest_corner_1, infiniplex_forest_clump_medium,
          infiniplex_forest_lined_1, infiniplex_forest_zigzag_1, uniq_natasha
D:3:      minmay_diamond_boxcup, layout_basic, tso_altar, uniq_pargi
D:4:      layout_basic, serial_shops, shop, nicolae_shop_crystal,
          kennysheep_mini_moat, roderic_batcave
D:5:      layout_gridville, bh_walls_and_bars
D:6:      layout_basic, dk_yredelemnul_ordeal, minmay_temple_entry_slanted,
          serial_shops, nicolae_shop_advertising_works
          [nicolae_subvault_shop_adworks]
D:7:      layout_basic, nicolae_overflow_crystal_walls, uniq_duvessa
D:8:      layout_basic
D:9:      layout_loops_corners, mainiacjoe_overflow_six_doors_small,
          serial_shops, shop, statue_in_the_mist_lemuel, uniq_grum

Table legend: (Time is in decaauts)
 A = Elapsed time spent in this place.
 B = Non-inter-level travel time spent in this place.
 C = Inter-level travel time spent in this place.
 D = Time resting spent in this place.
 E = Time spent auto-exploring this place.
 F = Levels seen in this place.
 G = Mean time per level.
                   A        B        C        D        E       F      G
               +--------+--------+--------+--------+--------+-----+--------+
         Total |   8169 |   7823 |    346 |   1439 |   5188 |   9 |  907.7 |
       Dungeon |   8169 |   7823 |    346 |   1439 |   5188 |   9 |  907.7 |
               +--------+--------+--------+--------+--------+-----+--------+

Top non-repeatable levels by time:
     D:6: 1363 daAuts
     D:3: 1262 daAuts
     D:4: 1182 daAuts
     D:8: 894 daAuts
     D:5: 833 daAuts
     D:1: 830 daAuts
     D:2: 767 daAuts
     D:7: 719 daAuts
     D:9: 316 daAuts

Table legend:
 A = Kills in this place as a percentage of kills in the entire game.
 B = Kills by you in this place as a percentage of kills by you in the entire game.
 C = Kills by friends in this place as a percentage of kills by friends in the entire game.
 D = Other kills in this place as a percentage of other kills in the entire game.
 E = Experience gained in this place as a percentage of experience gained in the entire game.
 F = Experience gained in this place divided by the number of levels of this place that you have seen.
                   A       B       C       D       E      F
               +-------+-------+-------+-------+-------+----------------------
         Total | 100.0 | 100.0 |   N/A |   N/A | 100.0 | 657.8
       Dungeon | 100.0 | 100.0 |   N/A |   N/A | 100.0 | 657.8
               +-------+-------+-------+-------+-------+----------------------
